 Dungeon Crawl Stone Soup version 0.29.0-15-g675c0067aa (webtiles) character file.

Game seed: 4345420355696416533

34907 qw the Severer (level 13, -8/125 HPs)
             Began as a Minotaur Berserker on Sept 12, 2022.
             Was a Priest of Trog.
             Mangled by a seven-headed hydra (10 damage)
             ... on level 5 of the Lair of Beasts.
             The game lasted 00:05:20 (16720 turns).

qw the Severer (Minotaur Berserker)                Turns: 16720, Time: 00:05:21

Health: -8/125     AC: 24    Str: 26    XL:     13   Next: 44%
Magic:  0/12       EV:  6    Int:  4    God:    Trog [***...]
Gold:   881        SH: 18    Dex: 11    Spells: 12/12 levels left

rFire   + . .      SeeInvis .   d - +0 demon whip (venom)
rCold   . . .      Faith    .   c - +0 tower shield
rNeg    . . .      Spirit   +   p - +1 plate armour
rPois   .          Reflect  .   g - +4 hat of Henotheism {Rampage}
rElec   .          Harm     .   (no cloak)
rCorr   .          Rampage  +   w - +1 pair of gloves
Will    +....                   l - +2 pair of boots
Stlth   ..........              j - amulet of guardian spirit
HPRegen 0.30/turn               n - ring of protection from fire
MPRegen 0.13/turn               k - ring of willpower

@: about to teleport, on berserk cooldown, slowed, very slow
A: horns 2, retaliatory headbutt
a: Renounce Religion, Berserk, Trog's Hand


You were on level 5 of the Lair of Beasts.
You worshipped Trog.
Trog was most pleased with you.
You visited 2 branches of the dungeon, and saw 18 of its levels.

You collected 973 gold pieces.
You spent 92 gold pieces at shops.


Innate Abilities, Weirdness & Mutations

You have a pair of horns on your head.
You reflexively headbutt those who attack you in melee.


   Skills:
 - Level 14.5 Fighting
 - Level 17.0 Axes
 - Level 3.2 Throwing
 + Level 8.5 Armour
 - Level 3.9 Dodging
 - Level 14.8 Shields


You had 12 spell levels left.
You didn't know any spells.
Your spell library was empty.

Inventory:

Hand Weapons
 a - a +5 vampiric broad axe
 d - a +0 demon whip of venom (weapon)
Missiles
 b - 13 boomerangs
 x - 2 javelins (quivered)
Armour
 c - a +0 tower shield (worn)
 g - the +4 hat of Henotheism (worn) {Rampage}
   (You found it on level 4 of the Dungeon)

   Rampage:   It bestows one free step when moving towards enemies.
 l - a +2 pair of boots (worn)
 p - a +1 plate armour (worn)
 w - a +1 pair of gloves (worn)
Jewellery
 j - an amulet of guardian spirit (around neck)
 k - a ring of willpower (right hand)
 m - a ring of resist corrosion
 n - a ring of protection from fire (left hand)
 o - a ring of ice
 r - a ring of willpower
 t - a ring of fire
 v - a ring of resist corrosion
Scrolls
 h - 4 scrolls of identify
 u - a scroll of teleportation
Potions
 e - a potion of resistance
 f - 4 potions of mutation
 i - 5 potions of curing
 q - 2 potions of might
 s - 4 potions of cancellation
 z - a potion of haste

Dungeon Overview and Level Annotations

Branches:
Dungeon (13/15)            Temple (0/1) D:7            Lair (5/5) D:11
  Swamp (0/4) Lair:3        Snake (0/4) Lair:3        Slime (0/5) Lair:4
    Orc: D:9-12      Vaults: D:13-14

Altars:
Ashenzari
Cheibriados
Dithmenos
Makhleb
Nemelex Xobeh
Qazlal
Ru
Sif Muna
Trog
Uskayaw
Vehumet
Xom
The Shining One
Jiyva

Shops:
D:7 *   D:8 (


Message History

You block the seven-headed hydra's attack.
The seven-headed hydra barely misses you.
The seven-headed hydra bites you.
You hear a bellow!
16718 ||| INVOKING Brothers in Arms.
You fail to use your ability.
You block the seven-headed hydra's attack.
The seven-headed hydra bites you but does no damage.
The seven-headed hydra barely misses you.
The seven-headed hydra bites you.
You block the seven-headed hydra's attack.
The seven-headed hydra bites you!
The seven-headed hydra bites you but does no damage.
You block the water moccasin's attack.
16719 ||| INVOKING Brothers in Arms.
Your two-headed ogre goes berserk!
You can no longer call in reinforcements.
The water moccasin bites you!
The seven-headed hydra bites you but does no damage.
You block the seven-headed hydra's attack.
The seven-headed hydra bites you but does no damage.
You block the seven-headed hydra's attack. x2
The seven-headed hydra bites you but does no damage.
You block the seven-headed hydra's attack.
You block the water moccasin's attack.
The seven-headed hydra bites you but does no damage. x2
The seven-headed hydra bites you. x2
The seven-headed hydra barely misses you.
You block the seven-headed hydra's attack.
The seven-headed hydra bites you!
16720 ||| READING 2 scrolls of teleportation.
As you read the scroll of teleportation, it crumbles to dust.
You feel strangely unstable. You block the water moccasin's attack.
Your two-headed ogre hits the water moccasin with a +0 giant club!!
Your two-headed ogre barely misses the water moccasin.
The seven-headed hydra bites you!
The seven-headed hydra bites you but does no damage.
You block the seven-headed hydra's attack.
The seven-headed hydra bites you. The seven-headed hydra bites you!
You die...

.# #### ..## ##..#
8...##.#.# +
.....P...##77# ...
.........%.7.##...#
........#%.........
.8....O.#7.<..+...
...:...S@.....#
..P...SD##.7.##
........Y###.###
...#...%S......#
..#....%......##
..P...##S....P#
..P... ......##
.#.... .....##
............


You could see a seven-headed hydra, 2 water moccasins and a friendly two-headed
ogre (summoned, berserk).

Vanquished Creatures
  Azrael (D:12)
  4 hydras
  Erica (Lair:1)
  2 two-headed ogres (D:11)
  2 centaur warriors
  Urug (Lair:4)
  Amaemon (D:9)
  Sonja (D:10)
  4 skeletal warriors (D:13)
  A necromancer (Lair:4)
  An orc knight (D:10)
  2 manticores
  2 black mambas
  2 torpor snails
  A gargoyle (D:13)
  An unseen horror (D:12)
  An orange demon (D:9)
  3 cane toads
  4 kobold demonologists (D:13)
  3 rime drakes
  An efreet (D:12)
  3 komodo dragons
  4 trolls
  4 polar bears
  A tyrant leech (Lair:3)
  7 dream sheep (Lair:4)
  4 blink frogs (Lair:5)
  Sigmund (D:5)
  A shadow (D:9)
  23 yaks
  A vampire (D:10)
  A wyvern (Lair:2)
  A fire elemental (D:12)
  2 wraiths
  2 basilisks
  3 steam dragons
  Edmund (D:5)
  2 swamp worms (Lair:3)
  An acid dragon (D:9)
  Duvessa (D:5)
  4 hell hounds (D:12)
  6 water moccasins
  3 orc warriors
  4 ice beasts
  2 elephant zombies (Lair:4)
  A black bear (Lair:2)
  9 wolves
  6 centaurs
  7 kobold brigands
  A komodo dragon zombie (Lair:4)
  12 bullfrogs
  2 necrophages
  A scorpion (D:4)
  A gnoll sergeant (D:12)
  9 wights (D:8)
  Dowan (D:5)
  4 killer bees (D:9)
  4 howler monkeys
  2 jellies
  A basilisk zombie (Lair:4)
  2 orc priests
  2 hounds
  6 orc wizards
  4 iguanas
  A statue (D:7)
  6 gnolls
  5 adders
  A shadow imp (D:6)
  An ufetubus (D:4)
  A worm (D:2)
  2 dart slugs
  22 orcs
  8 ball pythons
  5 endoplasms
  6 giant cockroaches
  5 goblins
  16 hobgoblins
  4 jackals (D:1)
  27 kobolds
  2 quokkas
  4 bats
  3 frilled lizards
  4 rats
319 creatures vanquished.

Vanquished Creatures (collateral kills)
  A hydra (D:13)
  2 death yaks (Lair:5)
  A yak (Lair:2)
  A water moccasin (Lair:5)
5 creatures vanquished.

Vanquished Creatures (others)
  10 fungi
  18 plants
28 creatures vanquished.

Grand Total: 352 creatures vanquished

Notes
Turn   | Place    | Note
-------+----------+-------------------------------------------
     0 | D:1      | qw the Minotaur Berserker began the quest for the Orb.
     0 | D:1      | Reached XP level 1. HP: 19/19 MP: 0/0
     0 | D:1      | 0 ||| qw: Version: 0.1-a-119-g272c26d
     0 | D:1      | 0 ||| qw: Game counter: 11033
     0 | D:1      | 0 ||| qw: Always use a shield: true
     0 | D:1      | 0 ||| qw: Do Orc after D:15 true
     0 | D:1      | 0 ||| qw: Do second Lair branch before Depths: true
     0 | D:1      | 0 ||| qw: Lair rune preference: random
     0 | D:1      | 0 ||| qw: Plans: Normal
     0 | D:1      | 0 ||| PLANNING D:1-11
    12 | D:1      | 12 ||| Stepping ~*~*~tactically~*~*~ (stealth).
    21 | D:1      | Reached skill level 4 in Axes
   207 | D:1      | Reached XP level 2. HP: 25/26 MP: 1/1
   432 | D:1      | 432 ||| Stepping ~*~*~tactically~*~*~ (stealth).
   550 | D:1      | 550 ||| Stepping ~*~*~tactically~*~*~ (stealth).
   555 | D:1      | Reached skill level 5 in Axes
   678 | D:1      | Reached XP level 3. HP: 31/31 MP: 2/2
   804 | D:1      | Found a faded altar of an unknown god.
   870 | D:1      | 870 ||| Stepping ~*~*~tactically~*~*~ (hiding).
   911 | D:1      | 911 ||| UPGRADING to +0 scale mail.
   921 | D:1      | 921 ||| DROPPING +0 animal skin.
   922 | D:1      | 922 ||| UPGRADING to amulet of guardian spirit.
   927 | D:1      | 927 ||| UPGRADING to ring of willpower.
   928 | D:1      | 928 ||| UPGRADING to ring of resist corrosion.
   929 | D:1      | 929 ||| READING scroll labelled KOEGREA DEDENT.
   933 | D:1      | 933 ||| READING scroll labelled FAITOE OXUANA.
   934 | D:1      | 934 ||| READING 3 scrolls labelled JOABBUAROA.
   935 | D:1      | 935 ||| READING scroll labelled YTREKENIAL.
   936 | D:1      | 936 ||| DRINKING 2 brown potions.
   937 | D:1      | 937 ||| Stepping randomly (stuck).
   938 | D:1      | 938 ||| Stepping ~*~*~tactically~*~*~ (cloud).
  1169 | D:2      | 1169 ||| STAIRDANCE
  1169 | D:2      | Reached ** piety under Trog
  1215 | D:2      | 1215 ||| Stepping ~*~*~tactically~*~*~ (stealth).
  1233 | D:2      | 1233 ||| Stepping ~*~*~tactically~*~*~ (stealth).
  1235 | D:2      | 1235 ||| Stepping ~*~*~tactically~*~*~ (stealth).
  1236 | D:2      | 1236 ||| INVOKING Berserk.
  1360 | D:2      | 1360 ||| DROPPING +4 whip.
  1532 | D:2      | 1532 ||| Stepping ~*~*~tactically~*~*~ (stealth).
  1627 | D:2      | Reached XP level 4. HP: 39/39 MP: 3/3
  1634 | D:2      | Reached skill level 6 in Axes
  1767 | D:2      | 1767 ||| DROPPING scarf of invisibility.
  1768 | D:2      | 1768 ||| READING scroll labelled MEMATO YMUTUCU.
  1768 | D:2      | Identified a scroll of acquirement
  1768 | D:2      | 1768 ||| ACQUIRING +1 vampiric broad axe
  1768 | D:2      | Acquired a +1 vampiric broad axe
  1770 | D:2      | 1770 ||| SWAPPING to +1 vampiric broad axe.
  1771 | D:2      | 1771 ||| DROPPING +1 hand axe.
  1772 | D:2      | 1772 ||| READING scroll labelled SILAUL KOUMI.
  1773 | D:2      | 1773 ||| READING scroll labelled HOASUN CORICA.
  1774 | D:2      | 1774 ||| READING 3 scrolls of identify.
  1774 | D:2      | 1774 ||| IDENTIFYING fuming inky potion
  1775 | D:2      | 1775 ||| DROPPING potion of flight.
  1817 | D:3      | Found a broken altar of Ashenzari.
  1921 | D:3      | 1921 ||| Stepping ~*~*~tactically~*~*~ (stealth).
  1962 | D:3      | Noticed a necrophage
  1968 | D:3      | Killed a necrophage
  2071 | D:3      | Reached XP level 5. HP: 45/45 MP: 4/4
  2102 | D:3      | Reached skill level 7 in Axes
  2378 | D:3      | 2378 ||| UPGRADING to +0 pair of boots.
  2383 | D:3      | 2383 ||| READING scroll labelled YTUHUA QUECLEXT.
  2384 | D:3      | 2384 ||| READING 4 scrolls of identify.
  2384 | D:3      | 2384 ||| IDENTIFYING pink potion
  2385 | D:3      | 2385 ||| READING 3 scrolls of identify.
  2385 | D:3      | 2385 ||| IDENTIFYING fuming green potion
  2386 | D:3      | 2386 ||| DRINKING potion of experience.
  2386 | D:3      | Reached XP level 6. HP: 75/75 MP: 5/5
  2387 | D:3      | 2387 ||| DROPPING potion of attraction.
  2447 | D:4      | 2447 ||| Stepping ~*~*~tactically~*~*~ (stealth).
  2529 | D:4      | 2529 ||| READING scroll of enchant armour.
  2529 | D:4      | 2529 ||| ENCHANTING +0 pair of boots.
  2569 | D:4      | Found a glowing golden altar of the Shining One.
  2604 | D:4      | 2604 ||| INVOKING Berserk.
  2688 | D:4      | Found a shimmering altar of Xom.
  2860 | D:4      | 2860 ||| INVOKING Berserk.
  3092 | D:4      | Identified the +4 hat of Henotheism {Rampage}
  3333 | D:4      | Found a shadowy altar of Dithmenos.
  3338 | D:4      | 3338 ||| UPGRADING to +4 hat of Henotheism {Rampage}.
  3343 | D:4      | 3343 ||| READING scroll labelled RAUROZ SICU.
  3364 | D:5      | Entered Level 5 of the Dungeon
  3368 | D:5      | 3368 ||| STAIRDANCE
  3419 | D:5      | 3419 ||| READING scroll of enchant weapon.
  3419 | D:5      | 3419 ||| ENCHANTING +1 vampiric broad axe.
  3443 | D:5      | Noticed Edmund
  3448 | D:5      | 3448 ||| INVOKING Berserk.
  3452 | D:5      | Killed Edmund
  3453 | D:5      | Reached skill level 8 in Axes
  3453 | D:5      | Reached XP level 7. HP: 82/82 MP: 6/6
  3581 | D:5      | Found a bloodstained altar of Trog.
  3599 | D:5      | Noticed Dowan
  3600 | D:5      | Noticed Duvessa
  3601 | D:5      | 3601 ||| INVOKING Berserk.
  3604 | D:5      | Killed Duvessa
  3608 | D:5      | Killed Dowan
  3764 | D:5      | Noticed Sigmund
  3765 | D:5      | 3765 ||| Stepping ~*~*~tactically~*~*~ (hiding).
  3766 | D:5      | 3766 ||| Stepping ~*~*~tactically~*~*~ (hiding).
  3779 | D:5      | 3779 ||| INVOKING Berserk.
  3783 | D:5      | Killed Sigmund
  3784 | D:5      | Reached skill level 9 in Axes
  4033 | D:5      | Reached XP level 8. HP: 88/90 MP: 7/7
  4045 | D:5      | 4045 ||| INVOKING Berserk.
  4051 | D:5      | Reached *** piety under Trog
  4168 | D:5      | 4168 ||| READING scroll of acquirement.
  4168 | D:5      | 4168 ||| ACQUIRING ring of ice
  4168 | D:5      | Acquired a ring of ice
  4170 | D:5      | 4170 ||| UPGRADING to ring of protection from fire.
  4256 | D:5      | Found a snail-covered altar of Cheibriados.
  4320 | D:5      | 4320 ||| UPGRADING to +0 chain mail.
  4330 | D:5      | 4330 ||| DROPPING +0 scale mail.
  4331 | D:5      | 4331 ||| UPGRADING to ring of willpower.
  4333 | D:5      | 4333 ||| READING 2 scrolls labelled NUOVIZX XUDO.
  4334 | D:5      | 4334 ||| READING 4 scrolls of identify.
  4334 | D:5      | 4334 ||| IDENTIFYING ruby potion
  4335 | D:5      | 4335 ||| DROPPING potion of magic.
  4336 | D:5      | 4336 ||| DROPPING scroll of magic mapping.
  4367 | D:6      | 4367 ||| Stepping ~*~*~tactically~*~*~ (hiding).
  4509 | D:6      | 4509 ||| INVOKING Berserk.
  4511 | D:6      | Reached skill level 3 in Armour
  4689 | D:6      | Found a hide-covered altar of Uskayaw.
  4691 | D:6      | 4691 ||| Stepping ~*~*~tactically~*~*~ (hiding).
  4696 | D:6      | 4696 ||| INVOKING Berserk.
  4699 | D:6      | Reached skill level 10 in Axes
  4832 | D:6      | 4832 ||| READING scroll of enchant armour.
  4832 | D:6      | 4832 ||| ENCHANTING +1 pair of boots.
  4853 | D:6      | Reached skill level 1 in Throwing
  4997 | D:6      | 4997 ||| Stepping ~*~*~tactically~*~*~ (hiding).
  5191 | D:6      | 5191 ||| Stepping ~*~*~tactically~*~*~ (stealth).
  5326 | D:6      | Found a stormy altar of Qazlal.
  5441 | D:6      | 5441 ||| DROPPING amulet of magic regeneration.
  5442 | D:6      | 5442 ||| READING 2 scrolls labelled HOQASTR ECIMUM.
  5443 | D:6      | 5443 ||| READING 3 scrolls of identify.
  5443 | D:6      | 5443 ||| IDENTIFYING sedimented pink potion
  5444 | D:6      | 5444 ||| READING 2 scrolls of identify.
  5444 | D:6      | 5444 ||| IDENTIFYING orange potion
  5445 | D:6      | 5445 ||| DROPPING potion of berserk rage.
  5446 | D:6      | 5446 ||| DROPPING scroll of summoning.
  5647 | D:7      | Found Zacsug's CLEARANCE SALE!.
  5653 | D:7      | 5653 ||| BUYING +0 plate armour (92 gold).
  5653 | D:7      | Bought a +0 plate armour for 92 gold pieces
  5679 | D:7      | Found a radiant altar of Vehumet.
  5683 | D:7      | 5683 ||| INVOKING Berserk.
  5812 | D:7      | 5812 ||| Stepping ~*~*~tactically~*~*~ (stealth).
  5815 | D:7      | 5815 ||| Stepping ~*~*~tactically~*~*~ (stealth).
  5822 | D:7      | Reached XP level 9. HP: 89/96 MP: 8/8
  5828 | D:7      | 5828 ||| FLEEEEING.
  5829 | D:7      | 5829 ||| FLEEEEING.
  5830 | D:7      | 5830 ||| FLEEEEING.
  5831 | D:7      | 5831 ||| FLEEEEING.
  5832 | D:7      | 5832 ||| FLEEEEING.
  5833 | D:7      | 5833 ||| FLEEEEING.
  5834 | D:7      | 5834 ||| FLEEEEING.
  5835 | D:7      | 5835 ||| FLEEEEING.
  5836 | D:7      | 5836 ||| FLEEEEING.
  5837 | D:7      | 5837 ||| FLEEEEING.
  5838 | D:7      | 5838 ||| STAIRDANCE
  5876 | D:6      | 5876 ||| UPGRADING to +0 tower shield.
  5881 | D:6      | 5881 ||| UPGRADING to +0 plate armour.
  5891 | D:6      | 5891 ||| DROPPING +0 chain mail.
  6048 | D:7      | Found a staircase to the Ecumenical Temple.
  6164 | D:8      | 6164 ||| STAIRDANCE
  6173 | D:8      | Reached skill level 1 in Shields
  6212 | D:8      | 6212 ||| READING scroll of enchant armour.
  6212 | D:8      | 6212 ||| ENCHANTING +0 plate armour.
  6231 | D:8      | Noticed a five-headed hydra
  6234 | D:8      | 6234 ||| SWAPPING to +0 flail.
  6235 | D:8      | 6235 ||| INVOKING Berserk.
  6243 | D:8      | Killed a five-headed hydra
  6254 | D:8      | 6254 ||| SWAPPING to +2 vampiric broad axe.
  6314 | D:8      | Found Vyged's Antique Weapon Shop.
  6332 | D:8      | 6332 ||| Stepping ~*~*~tactically~*~*~ (stealth).
  6396 | D:8      | 6396 ||| DROPPING +0 flail.
  6404 | D:8      | 6404 ||| INVOKING Berserk.
  6413 | D:8      | Reached skill level 6 in Shields
  6419 | D:8      | 6419 ||| FLEEEEING.
  6420 | D:8      | 6420 ||| FLEEEEING.
  6421 | D:8      | 6421 ||| FLEEEEING.
  6422 | D:8      | 6422 ||| STAIRDANCE
  6524 | D:7      | 6524 ||| READING scroll labelled DEDENE LAMOEHA.
  6531 | D:8      | 6531 ||| STAIRDANCE
  6617 | D:8      | 6617 ||| Stepping ~*~*~tactically~*~*~ (stealth).
  6629 | D:8      | 6629 ||| Stepping ~*~*~tactically~*~*~ (hiding).
  6632 | D:8      | 6632 ||| INVOKING Berserk.
  6675 | D:8      | 6675 ||| FLEEEEING.
  6679 | D:8      | 6679 ||| FLEEEEING.
  6720 | D:8      | Found a sacrificial altar of Ru.
  6753 | D:8      | Found a burning altar of Makhleb.
  6795 | D:8      | Reached XP level 10. HP: 94/104 MP: 6/9
  6896 | D:8      | Found a shimmering blue altar of Sif Muna.
  7046 | D:8      | 7046 ||| READING scroll labelled ONAQIJUGEM.
  7047 | D:8      | 7047 ||| READING scroll labelled ERALIL UPSIMN.
  7148 | D:8      | 7148 ||| DRINKING 3 lumpy purple potions.
  7161 | D:9      | Noticed an orange demon
  7162 | D:9      | 7162 ||| Stepping ~*~*~tactically~*~*~ (hiding).
  7164 | D:9      | 7164 ||| Stepping ~*~*~tactically~*~*~ (hiding).
  7166 | D:9      | 7166 ||| Stepping ~*~*~tactically~*~*~ (hiding).
  7167 | D:9      | 7167 ||| Stepping ~*~*~tactically~*~*~ (hiding).
  7168 | D:9      | 7168 ||| Stepping ~*~*~tactically~*~*~ (hiding).
  7171 | D:9      | Noticed Amaemon
  7176 | D:9      | 7176 ||| INVOKING Berserk.
  7178 | D:9      | Killed an orange demon
  7179 | D:9      | Reached skill level 9 in Shields
  7202 | D:9      | HP: 24/104 [poisoned by Amaemon]
  7203 | D:9      | 7203 ||| READING scroll of teleportation.
  7204 | D:9      | Killed Amaemon
  7204 | D:9      | Reached **** piety under Trog
  7206 | D:9      | HP: 10/104 [poisoned by Amaemon]
  7207 | D:9      | 7207 ||| FLEEEEING.
  7208 | D:9      | 7208 ||| FLEEEEING.
  7209 | D:9      | 7209 ||| FLEEEEING.
  7210 | D:9      | 7210 ||| FLEEEEING.
  7211 | D:9      | 7211 ||| FLEEEEING.
  7212 | D:9      | 7212 ||| FLEEEEING.
  7213 | D:9      | 7213 ||| FLEEEEING.
  7214 | D:9      | 7214 ||| FLEEEEING.
  7215 | D:9      | 7215 ||| FLEEEEING.
  7216 | D:9      | 7216 ||| FLEEEEING.
  7217 | D:9      | 7217 ||| FLEEEEING.
  7218 | D:9      | 7218 ||| FLEEEEING.
  7219 | D:9      | 7219 ||| FLEEEEING.
  7220 | D:9      | 7220 ||| FLEEEEING.
  7221 | D:9      | 7221 ||| FLEEEEING.
  7222 | D:9      | 7222 ||| FLEEEEING.
  7223 | D:9      | 7223 ||| FLEEEEING.
  7224 | D:9      | 7224 ||| FLEEEEING.
  7225 | D:9      | 7225 ||| FLEEEEING.
  7226 | D:9      | 7226 ||| STAIRDANCE
  7569 | D:9      | 7569 ||| STAIRDANCE
  7571 | D:8      | 7571 ||| INVOKING Berserk.
  7682 | D:9      | 7682 ||| STAIRDANCE
  7691 | D:9      | 7691 ||| STAIRDANCE
  7700 | D:9      | 7700 ||| INVOKING Berserk.
  7808 | D:9      | 7808 ||| DROPPING +0 morningstar.
  7844 | D:9      | Noticed a seven-headed hydra
  7848 | D:9      | 7848 ||| SWAPPING to +0 demon whip of venom.
  7848 | D:9      | Noticed a manticore
  7850 | D:9      | 7850 ||| INVOKING Berserk.
  7854 | D:9      | Killed a seven-headed hydra
  7857 | D:9      | Reached skill level 11 in Axes
  7863 | D:9      | Killed a manticore
  7879 | D:9      | 7879 ||| SWAPPING to +2 vampiric broad axe.
  7993 | D:9      | Reached XP level 11. HP: 104/111 MP: 7/10
  7995 | D:9      | 7995 ||| INVOKING Berserk.
  8358 | D:9      | 8358 ||| READING 6 scrolls of identify.
  8358 | D:9      | 8358 ||| IDENTIFYING viscous clear potion
  8359 | D:9      | 8359 ||| READING 5 scrolls of identify.
  8359 | D:9      | 8359 ||| IDENTIFYING green potion
  8360 | D:9      | 8360 ||| READING 4 scrolls of identify.
  8360 | D:9      | 8360 ||| IDENTIFYING fizzy orange potion
  8361 | D:9      | 8361 ||| DROPPING potion of brilliance.
  8374 | D:10     | Entered Level 10 of the Dungeon
  8397 | D:10     | Noticed Sonja
  8402 | D:10     | Killed Sonja
  8592 | D:10     | Found a sparkling altar of Nemelex Xobeh.
  8649 | D:10     | 8649 ||| Stepping ~*~*~tactically~*~*~ (hiding).
  8913 | D:10     | Reached skill level 12 in Shields
  9008 | D:10     | 9008 ||| INVOKING Berserk.
  9060 | D:10     | Noticed an orc knight
  9063 | D:10     | 9063 ||| INVOKING Berserk.
  9066 | D:10     | Killed an orc knight
  9272 | D:10     | Reached skill level 12 in Axes
  9298 | D:10     | 9298 ||| READING 4 scrolls of identify.
  9298 | D:10     | 9298 ||| IDENTIFYING fuming black potion
  9299 | D:10     | 9299 ||| READING 3 scrolls of identify.
  9299 | D:10     | 9299 ||| IDENTIFYING dark potion
  9300 | D:10     | 9300 ||| DROPPING potion of invisibility.
  9301 | D:10     | 9301 ||| DROPPING potion of lignification.
  9399 | D:11     | Noticed a two-headed ogre
  9403 | D:11     | 9403 ||| INVOKING Berserk.
  9407 | D:11     | Killed a two-headed ogre
  9408 | D:11     | Reached skill level 6 in Armour
  9529 | D:11     | Noticed a two-headed ogre
  9533 | D:11     | 9533 ||| INVOKING Berserk.
  9535 | D:11     | Killed a two-headed ogre
  9645 | D:11     | 9645 ||| Stepping ~*~*~tactically~*~*~ (hiding).
  9646 | D:11     | 9646 ||| Stepping ~*~*~tactically~*~*~ (hiding).
  9648 | D:11     | 9648 ||| Stepping ~*~*~tactically~*~*~ (hiding).
  9649 | D:11     | 9649 ||| Stepping ~*~*~tactically~*~*~ (hiding).
  9650 | D:11     | 9650 ||| Stepping ~*~*~tactically~*~*~ (hiding).
  9653 | D:11     | 9653 ||| Stepping ~*~*~tactically~*~*~ (hiding).
  9776 | D:11     | Identified the +1 robe "Beugiow" {Fly Will+}
  9792 | D:11     | 9792 ||| INVOKING Berserk.
  9805 | D:11     | Noticed a centaur warrior
  9817 | D:11     | Killed a centaur warrior
  9818 | D:11     | Reached skill level 13 in Axes
 10070 | D:11     | 10070 ||| INVOKING Berserk.
 10303 | D:11     | You fall into a shaft and drop 2 floors!
 10350 | D:13     | 10350 ||| Stepping ~*~*~tactically~*~*~ (hiding).
 10351 | D:13     | 10351 ||| Stepping ~*~*~tactically~*~*~ (hiding).
 10355 | D:13     | Noticed a centaur warrior
 10366 | D:13     | Killed a centaur warrior
 10406 | D:13     | Noticed a skeletal warrior
 10408 | D:13     | 10408 ||| INVOKING Berserk.
 10415 | D:13     | Killed a skeletal warrior
 10580 | D:13     | Noticed a skeletal warrior
 10580 | D:13     | Noticed a skeletal warrior
 10580 | D:13     | Noticed a skeletal warrior
 10581 | D:13     | 10581 ||| Stepping ~*~*~tactically~*~*~ (hiding).
 10582 | D:13     | 10582 ||| INVOKING Berserk.
 10595 | D:13     | Killed a skeletal warrior
 10597 | D:13     | Killed a skeletal warrior
 10598 | D:13     | Reached XP level 12. HP: 118/118 MP: 11/11
 10603 | D:13     | Reached skill level 14 in Axes
 10866 | D:13     | Noticed a five-headed hydra
 10867 | D:13     | 10867 ||| INVOKING Brothers in Arms.
 10868 | D:13     | 10868 ||| INVOKING Brothers in Arms.
 10870 | D:13     | 10870 ||| SWAPPING to +0 demon whip of venom.
 10871 | D:13     | 10871 ||| INVOKING Berserk.
 10871 | D:13     | Killed a five-headed hydra
 10872 | D:13     | Reached skill level 3 in Dodging
 10875 | D:13     | 10875 ||| SWAPPING to +2 vampiric broad axe.
 10987 | D:12     | Noticed Azrael
 10990 | D:12     | 10990 ||| INVOKING Berserk.
 11004 | D:12     | HP: 41/177 [Azrael/damnation (34)]
 11006 | D:12     | Killed Azrael
 11019 | D:12     | HP: 23/118 [something (2)]
 11367 | D:12     | 11367 ||| Stepping ~*~*~tactically~*~*~ (hiding).
 11368 | D:12     | 11368 ||| Stepping ~*~*~tactically~*~*~ (hiding).
 11410 | D:12     | 11410 ||| INVOKING Berserk.
 11563 | D:12     | 11563 ||| READING 5 scrolls of identify.
 11563 | D:12     | 11563 ||| IDENTIFYING cyan potion
 11564 | D:12     | 11564 ||| DROPPING potion of ambrosia.
 11633 | D:11     | Found a staircase to the Lair.
 11645 | D:11     | 11645 ||| INVOKING Berserk.
 11784 | D:11     | 11784 ||| PLANNING LAIR
 11799 | Lair:1   | Entered Level 1 of the Lair of Beasts
 11866 | Lair:1   | 11866 ||| INVOKING Berserk.
 11980 | Lair:1   | Found a dark tunnel.
 12027 | Lair:1   | 12027 ||| READING scroll of enchant weapon.
 12027 | Lair:1   | 12027 ||| ENCHANTING +2 vampiric broad axe.
 12057 | Lair:1   | 12057 ||| INVOKING Berserk.
 12064 | Lair:1   | Reached skill level 15 in Axes
 12175 | Lair:1   | Noticed Erica
 12178 | Lair:1   | 12178 ||| INVOKING Berserk.
 12182 | Lair:1   | Killed Erica
 12321 | Lair:1   | 12321 ||| Stepping ~*~*~tactically~*~*~ (hiding).
 13155 | Lair:1   | 13155 ||| UPGRADING to +0 pair of gloves.
 13160 | Lair:1   | 13160 ||| READING scroll labelled ULIPRAA WEZAE.
 13161 | Lair:1   | 13161 ||| READING 4 scrolls of identify.
 13161 | Lair:1   | 13161 ||| IDENTIFYING puce potion
 13162 | Lair:1   | 13162 ||| DROPPING potion of degeneration.
 13312 | Lair:2   | Noticed a six-headed hydra
 13313 | Lair:2   | 13313 ||| INVOKING Brothers in Arms.
 13316 | Lair:2   | 13316 ||| SWAPPING to +0 demon whip of venom.
 13317 | Lair:2   | 13317 ||| Stepping ~*~*~tactically~*~*~ (outnumbered).
 13319 | Lair:2   | 13319 ||| INVOKING Berserk.
 13322 | Lair:2   | Killed a six-headed hydra
 13332 | Lair:2   | 13332 ||| SWAPPING to +3 vampiric broad axe.
 14131 | Lair:3   | 14131 ||| STAIRDANCE
 14140 | Lair:3   | 14140 ||| INVOKING Berserk.
 14150 | Lair:3   | 14150 ||| STAIRDANCE
 14561 | Lair:3   | Noticed a seven-headed hydra
 14562 | Lair:3   | 14562 ||| INVOKING Brothers in Arms.
 14563 | Lair:3   | 14563 ||| INVOKING Brothers in Arms.
 14564 | Lair:3   | 14564 ||| INVOKING Brothers in Arms.
 14565 | Lair:3   | 14565 ||| SWAPPING to +0 demon whip of venom.
 14566 | Lair:3   | 14566 ||| INVOKING Berserk.
 14569 | Lair:3   | Killed a seven-headed hydra
 14570 | Lair:3   | Reached skill level 16 in Axes
 14570 | Lair:3   | Reached XP level 13. HP: 125/125 MP: 12/12
 14589 | Lair:3   | 14589 ||| SWAPPING to +3 vampiric broad axe.
 14713 | Lair:3   | Found a staircase to the Swamp.
 14715 | Lair:3   | 14715 ||| INVOKING Berserk.
 14864 | Lair:3   | 14864 ||| Stepping ~*~*~tactically~*~*~ (stealth).
 14866 | Lair:3   | 14866 ||| Stepping ~*~*~tactically~*~*~ (hiding).
 14870 | Lair:3   | 14870 ||| DRINKING 5 potions of cancellation.
 14981 | Lair:3   | Found a staircase to the Snake Pit.
 15486 | Lair:4   | Noticed Urug
 15487 | Lair:4   | 15487 ||| STAIRDANCE
 15632 | Lair:4   | 15632 ||| INVOKING Berserk.
 15642 | Lair:4   | Killed Urug
 15643 | Lair:4   | Reached skill level 3 in Throwing
 15669 | Lair:4   | 15669 ||| Stepping ~*~*~tactically~*~*~ (stealth).
 15670 | Lair:4   | 15670 ||| Stepping ~*~*~tactically~*~*~ (stealth).
 15698 | Lair:4   | 15698 ||| Stepping ~*~*~tactically~*~*~ (stealth).
 15960 | Lair:4   | 15960 ||| INVOKING Berserk.
 15970 | Lair:4   | 15970 ||| FLEEEEING.
 15971 | Lair:4   | 15971 ||| FLEEEEING.
 15972 | Lair:4   | 15972 ||| FLEEEEING.
 15973 | Lair:4   | 15973 ||| FLEEEEING.
 15981 | Lair:4   | 15981 ||| FLEEEEING.
 16144 | Lair:4   | 16144 ||| READING scroll of enchant weapon.
 16144 | Lair:4   | 16144 ||| ENCHANTING +3 vampiric broad axe.
 16197 | Lair:4   | Found a staircase to the Slime Pits.
 16198 | Lair:4   | Found a viscous altar of Jiyva.
 16203 | Lair:4   | 16203 ||| READING scroll of enchant armour.
 16203 | Lair:4   | 16203 ||| ENCHANTING +0 pair of gloves.
 16477 | Lair:4   | 16477 ||| READING scroll of enchant weapon.
 16477 | Lair:4   | 16477 ||| ENCHANTING +4 vampiric broad axe.
 16555 | Lair:4   | 16555 ||| READING 5 scrolls of identify.
 16555 | Lair:4   | 16555 ||| IDENTIFYING black potion
 16560 | Lair:5   | Entered Level 5 of the Lair of Beasts
 16561 | Lair:5   | 16561 ||| INVOKING Berserk.
 16693 | Lair:5   | 16693 ||| INVOKING Berserk.
 16711 | Lair:5   | 16711 ||| INVOKING Brothers in Arms.
 16712 | Lair:5   | 16712 ||| INVOKING Brothers in Arms.
 16713 | Lair:5   | 16713 ||| SWAPPING to +0 demon whip of venom.
 16714 | Lair:5   | Reached skill level 17 in Axes
 16714 | Lair:5   | 16714 ||| Stepping ~*~*~tactically~*~*~ (outnumbered).
 16715 | Lair:5   | 16715 ||| Stepping ~*~*~tactically~*~*~ (outnumbered).
 16716 | Lair:5   | 16716 ||| Stepping ~*~*~tactically~*~*~ (outnumbered).
 16718 | Lair:5   | 16718 ||| INVOKING Brothers in Arms.
 16719 | Lair:5   | 16719 ||| INVOKING Brothers in Arms.
 16719 | Lair:5   | HP: 28/125 [seven-headed hydra (6)]
 16720 | Lair:5   | 16720 ||| READING 2 scrolls of teleportation.
 16720 | Lair:5   | HP: 6/125 [seven-headed hydra (10)]
 16720 | Lair:5   | HP: 2/125 [seven-headed hydra (4)]
 16720 | Lair:5   | Mangled by a seven-headed hydra

Levels and vault maps discovered:
D:1:      dpeg_arrival_tiny_b, layout_basic,
          shapermc_ecumenical_altar_flowoftime, chequers_hall_statues_y
D:2:      layout_basic
D:3:      layout_rooms, nicolae_ashenzari_panopticon, minmay_tree_intersection
D:4:      layout_cave_pods, overflow_temple_1_default,
          lemuel_coloured_pillars_altar,
          mainiacjoe_overflow_concentric_impassable, minmay_crystal_room
D:5:      layout_basic, mainiacjoe_overflow_alcove_2,
          mainiacjoe_overflow_alcove_4, minmay_hedge_maze,
          chequers_serial_rivers_small_b, eino_tiny_chamber, uniq_duvessa,
          uniq_edmund, uniq_sigmund
D:6:      layout_loops_ring, eat_drink_and_be_merry_uskayaw, marbit_many_paths
D:7:      layout_basic, vehumet_statue, minmay_temple_entry_junction,
          nicolae_shop_clearance
D:8:      layout_rooms, nicolae_ru_great_annihilating_truth, bloody_makhleb,
          mainiacjoe_overflow_small_starburst, serial_shops,
          nicolae_square_shop, hex_intersection
D:9:      layout_rooms, grunt_ministairs_15, minmay_checkerbox, uniq_amaemon
D:10:     cheibrodos_orc_bank, layout_basic, nemelex_spade_bored_becter,
          uniq_sonja
D:11:     layout_basic, david_lair_shrubbed
D:12:     cheibrodos_histonic, layout_irregular_city, david_orc_5,
          serial_rivers, chequers_serial_rivers_micro_b,
          chequers_serial_rivers_micro_a, chequers_serial_rivers_large_a,
          chequers_serial_rivers_micro_b, uniq_frances, uniq_azrael,
          uniq_nergalle
D:13:     layout_stronghold
Lair:1:   hellmonk_destroyed_diamonds, layout_hall_layers,
          nicolae_volcano_entry_hallway, uniq_erica
Lair:2:   layout_small_grid
Lair:3:   layout_cave_pods, minmay_swamp_entry_worms, dummy_snake_entry
Lair:4:   pond_and_an_island_with_a_cottage, layout_misc_corridors,
          slime_entry_1, infiniplex_staircase_pool_2, uniq_urug
Lair:5:   evilmike_catoblepas_cave, layout_gridlike,
          nicolae_quartered_pool_impasse, grunt_megastairs_1, uniq_josephine

Skill      XL: |  1  2  3  4  5  6  7  8  9 10 11 12 13 |
---------------+----------------------------------------+-----
Axes           | 4 5 6 7 8 9 10 11 13 16 17 | 17.0
Fighting       | 14 | 14.5
Armour         | 3 5 6 8 |  8.5
Throwing       | 1 3 |  3.2
Shields        | 8 11 13 14 | 14.8
Dodging        | 3 |  3.9

Action                   |  1- 3 |  4- 6 |  7- 9 | 10-12 | 13-15 || total
-------------------------+-------+-------+-------+-------+-------++-------
Melee: Hand axe          |    78 |     5 |       |       |       ||    83
       Headbutt          |    11 |     9 |    26 |    92 |    34 ||   172
       Punch             |     1 |     1 |     1 |       |       ||     3
       Broad axe         |       |    53 |   129 |   395 |   147 ||   724
       Flail             |       |       |     8 |       |       ||     8
       Demon whip        |       |       |       |    21 |     1 ||    22
Throw: Boomerang         |       |    13 |    48 |    73 |       ||   134
       Javelin           |       |       |       |       |    16 ||    16
Invok: Berserk           |     1 |     3 |     9 |    23 |     5 ||    41
       Brothers in Arms  |       |       |       |     3 |     2 ||     5
  Use: Scroll            |     4 |    10 |     9 |    12 |     5 ||    40
       Potion            |     1 |     1 |       |     1 |     1 ||     4
 Stab: Distracted        |       |       |       |     1 |       ||     1
Armor: Animal skin       |    18 |       |       |       |       ||    18
       Scale mail        |     7 |    21 |    11 |       |       ||    39
       Chain mail        |       |       |    19 |       |       ||    19
       Plate armour      |       |       |    39 |   299 |    70 ||   408
Dodge: Dodged            |    32 |    33 |    32 |    92 |    27 ||   216
Block: Tower shield      |       |       |    33 |   434 |   108 ||   575

Table legend:
 A = Non-vault XP
 B = Vault XP
 C = Vault XP percentage of total XP
 D = Non-vault monster count
 E = Vault monster count
 F = Vault count percentage of total count
                 A         B        C        D         E       F
            +---------+---------+-------+---------+---------+-------
      Total |   38332 |   11334 |  22.8 |     262 |      62 |  19.1
            +---------+---------+-------+---------+---------+-------
        D:1 |      49 |       0 |   0.0 |      27 |       0 |   0.0
        D:2 |      54 |       0 |   0.0 |      22 |       0 |   0.0
        D:3 |     113 |       0 |   0.0 |      10 |       0 |   0.0
        D:4 |     198 |       0 |   0.0 |      13 |       0 |   0.0
        D:5 |     341 |     596 |  63.6 |      14 |       4 |  22.2
        D:6 |     742 |     133 |  15.2 |      15 |       1 |   6.2
        D:7 |     392 |      32 |   7.5 |      10 |       1 |   9.1
        D:8 |    4241 |      40 |   0.9 |      31 |       4 |  11.4
        D:9 |     969 |    3280 |  77.2 |       8 |      15 |  65.2
       D:10 |    1331 |    1675 |  55.7 |       7 |      15 |  68.2
       D:11 |    3706 |     389 |   9.5 |      12 |       1 |   7.7
       D:12 |    1725 |    1780 |  50.8 |       9 |      10 |  52.6
       D:13 |    7402 |       0 |   0.0 |      19 |       0 |   0.0
     Lair:1 |    2029 |     847 |  29.5 |      10 |       1 |   9.1
     Lair:2 |    3977 |       0 |   0.0 |      16 |       0 |   0.0
     Lair:3 |    2640 |     607 |  18.7 |       9 |       3 |  25.0
     Lair:4 |    3996 |    1804 |  31.1 |      15 |       6 |  28.6
     Lair:5 |    4427 |     151 |   3.3 |      15 |       1 |   6.2
            +---------+---------+-------+---------+---------+-------
